 Dungeon Crawl Stone Soup version 0.31-a0-1603-gbec6b6ccbf (webtiles) character file.

Game seed: 13440488663147381687

95 Pooter the Chopper (level 4, 0/41 HPs)
             Began as a Minotaur Fighter on Jan 8, 2024.
             Slain by an orc
             ... wielding a +2 short sword of venom
              (2 damage)
             ... on level 4 of the Dungeon.
             The game lasted 00:08:52 (2166 turns).

Pooter the Chopper (Minotaur Fighter)               Turns: 2166, Time: 00:08:53

Health: 0/41       AC: 10    Str: 23    XL:     4   Next: 39%
Magic:  12/12      EV:  8    Int:  5    God:
Gold:   125        SH:  4    Dex:  9    Spells: 3/3 levels left

rFire   . . .        a - +0 war axe
rCold   . . .        c - +0 buckler
rNeg    . . .        l - +0 chain mail
rPois   .            (helmet restricted)
rElec   .            o - +0 cloak
rCorr   .            (no gloves)
SInv    +            (no boots)
Will    .....        k - amulet of faith {!P} Stlth
                     S - ring of see invisible
HPRegen 0.26/turn    f - ring of magical power
MPRegen 0.13/turn

%: faith
@: lethally poisoned (0 -> -18)
A: horns 2, retaliatory headbutt
a: no special abilities


You were on level 4 of the Dungeon.
You visited 1 branch of the dungeon, and saw 4 of its levels.

You collected 125 gold pieces.

Inventory:

Hand Weapons
 a - a +0 war axe (weapon)
Missiles
 n - 2 poisoned darts (quivered)
 s - 4 boomerangs
 Q - 35 stones
Armour
 c - a +0 buckler (worn)
 l - a +0 chain mail (worn)
   (You found it on level 2 of the Dungeon)
 o - a +0 cloak (worn)
   (You found it on level 2 of the Dungeon)
Jewellery
 f - a ring of magical power (right hand)
   (You found it on level 1 of the Dungeon)
 k - an amulet of faith (around neck) {!P}
   (You found it on level 2 of the Dungeon)
 S - a ring of see invisible (left hand)
   (You found it on level 1 of the Dungeon)
Scrolls
 b - a scroll of butterflies
 h - 2 scrolls of revelation
 i - a scroll of enchant weapon {unknown}
 r - 2 scrolls of fear {unknown}
 t - 2 scrolls of teleportation {@r4}
 u - a scroll of acquirement {unknown}
 v - a scroll of poison {unknown}
Potions
 d - a potion of might
 e - a potion of mutation {!q}
 g - a potion of cancellation {unknown}
 j - a potion of magic {unknown}
 m - a potion of ambrosia {unknown}
 p - 2 potions of invisibility {unknown}
 q - a potion of curing {unknown}
 w - a potion of resistance {unknown}


   Skills:
 + Level 4.7 Fighting
 * Level 4.8 Axes
 - Level 3.6 Armour
 - Level 3.6 Shields


You had 3 spell levels left.
You didn't know any spells.
Your spell library was empty.

Dungeon Overview and Level Annotations

Branches:
Dungeon (4/15) Zot: 21790
 Temple: D:4-7

Altars:
Cheibriados
Elyvilon
Wu Jian


Innate Abilities, Weirdness & Mutations

You have a pair of horns on your head.
You reflexively headbutt those who attack you in melee.


Message History

Aim: an orc, wielding a +2 short sword of venom and wearing a +0 chain mail (61% to hit)
You throw a boomerang.
The boomerang hits the orc but does no damage.
An orc comes into view. It is wielding a +0 short sword.
You drop a blue potion.
Throw: 5 boomerangs
Press: ? - help, Shift-Dir - straight line, f/p - orc
Aim: an orc, wielding a +2 short sword of venom and wearing a +0 chain mail (61% to hit)
You throw a boomerang. The boomerang barely misses the orc.
Throw: 4 boomerangs
Press: ? - help, Shift-Dir - straight line, f/p - orc
Aim: an orc, wielding a +2 short sword of venom and wearing a +0 chain mail (61% to hit)
You throw a boomerang.
The boomerang hits the orc but does no damage.
You climb upwards.
There is a stone staircase leading down here.
You slash the orc!
You kill the orc!
You climb downwards.
You block the orc's attack. x2
There is a stone staircase leading up here.
You see here a blue potion.
You closely miss the orc. You barely miss the orc.
The orc hits you but does no damage. The orc closely misses you.
You hit the orc but do no damage. You closely miss the orc.
The orc hits you but does no damage.
The orc hits you with a +2 short sword of venom.
You are poisoned.
The orc hits you but does no damage.
The orc hits you with a +2 short sword of venom!
You are more poisoned.
You completely miss the orc. You hit the orc.
You kill the orc!
You feel extremely sick.
The orc hits you with a +2 short sword of venom.
You barely miss the orc. You headbutt the orc.
* * * LOW HITPOINT WARNING * * *
You feel very sick. The orc hits you but does no damage.
You are lethally poisoned!
You hit the orc but do no damage.
* * * LOW HITPOINT WARNING * * *
You feel very sick.
The orc hits you with a +2 short sword of venom.
* * * LOW HITPOINT WARNING * * *
You are more poisoned.
You hit the orc but do no damage.
* * * LOW HITPOINT WARNING * * *
You feel extremely sick.
The orc hits you with a +2 short sword of venom.
You die...

#. ####. #+##
..P..P #...##
..≈≈~.##.....##
~~~~~~#)o.....#
(~~~~..@.......
(~.............
...............
(#.####.......#
.. ##.....## #
#...## #+##


You could see an orc.

Vanquished Creatures
  A hound zombie (D:4)
  2 adders (D:2)
  An adder skeleton (D:4)
  A dart slug (D:2)
  3 orcs
  4 ball pythons
  6 endoplasms
  2 giant cockroaches
  8 goblins
  3 hobgoblins
  2 jackals (D:2)
  6 kobolds
  A quokka (D:2)
  2 bats (D:1)
  4 frilled lizards
  6 rats
52 creatures vanquished.

Notes
Turn   | Place    | Note
-------+----------+-------------------------------------------
     0 | D:1      | Pooter the Minotaur Fighter began the quest for the Orb.
     0 | D:1      | Reached XP level 1. HP: 19/19 MP: 0/0
   148 | D:1      | Reached XP level 2. HP: 23/27 MP: 1/1
   668 | D:2      | Reached XP level 3. HP: 33/33 MP: 2/2
  1136 | D:2      | Found a faded altar of an unknown god.
  1599 | D:3      | Found a white marble altar of Elyvilon.
  1613 | D:3      | Reached XP level 4. HP: 41/41 MP: 3/3
  1985 | D:3      | Found a snail-covered altar of Cheibriados.
  1987 | D:3      | Found an ornate altar of the Wu Jian Council.
  2166 | D:4      | HP: 2/41 [poisoned by an orc]
  2166 | D:4      | Slain by an orc

Illustrated notes

Levels and vault maps discovered:
D:1:      evilmike_arrival_crescent, layout_rooms
D:2:      layout_loops_ring, dreamdust_ecumenical_altar_angels_and_demons
D:3:      layout_basic, nicolae_elyvilon_temple_path, minitemple
D:4:      layout_loops_corners, serial_undead, serial_undead_e, serial_undead_c,
          serial_undead_c, serial_undead_c, serial_undead_f, serial_undead_f,
          serial_undead_d, st_stairs_11

Skill      XL: |  1  2  3 |
---------------+----------+-----
Axes           | 3 4 |  4.8
Fighting       | 4 |  4.7
Armour         | |  3.6
Shields        | |  3.6

Action                     |  1- 3 |  4- 6 || total
---------------------------+-------+-------++-------
  Melee: War axe           |   103 |    19 ||   122
         Headbutt          |    13 |     2 ||    15
  Throw: Stone             |     6 |       ||     6
         Dart              |       |     3 ||     3
         Boomerang         |       |     3 ||     3
    Use: Scroll            |     4 |       ||     4
 Armour: Scale mail        |    58 |       ||    58
         Chain mail        |     9 |    23 ||    32
  Dodge: Dodged            |    49 |    10 ||    59
  Block: Buckler           |    16 |     6 ||    22

Table legend: (Time is in decaauts)
 A = Elapsed time spent in this place.
 B = Non-inter-level travel time spent in this place.
 C = Inter-level travel time spent in this place.
 D = Time resting spent in this place.
 E = Time spent auto-exploring this place.
 F = Levels seen in this place.
 G = Mean time per level.
                   A        B        C        D        E       F      G
               +--------+--------+--------+--------+--------+-----+--------+
         Total |   2208 |   2126 |     82 |     78 |   1576 |   4 |  552.0 |
       Dungeon |   2208 |   2126 |     82 |     78 |   1576 |   4 |  552.0 |
               +--------+--------+--------+--------+--------+-----+--------+

Top non-repeatable levels by time:
     D:2: 872 daAuts
     D:3: 697 daAuts
     D:1: 585 daAuts
     D:4: 53 daAuts
